 Seeded DCSS version 0.30.1-10-g1249ef9ec4 (webtiles) character file.

Game seed: 5 (custom seed)

186 Kazon the Trooper (level 5, 0/47 HPs)
             Began as a Minotaur Fighter on Oct 26, 2023.
             Was an Initiate of the Shining One (penitent).
             Succumbed to a scorpion's poison
             ... on level 4 of the Dungeon.
             The game lasted 00:07:09 (2054 turns).

Kazon the Trooper (Minotaur Fighter)                Turns: 2054, Time: 00:07:09

Health: 0/47       AC:  7    Str: 22    XL:     5   Next: 38%
Magic:  13/13      EV: 10    Int:  5    God:    the Shining One [......]
Gold:   163        SH:  0    Dex: 16    Spells: 4/4 levels left

rFire   . . .        e - +2 lajatang (vamp)
rCold   . . .        (shield currently unavailable)
rNeg    . . .        b - +0 scale mail
rPois   .            (helmet restricted)
rElec   .            (no cloak)
rCorr   .            (no gloves)
SInv    .            (no boots)
Will    .....        (no amulet) Stlth
                     q - ring of magical power
HPRegen 0.27/turn    v - +6 ring of dexterity
MPRegen 0.13/turn

%: no passive effects
@: lethally poisoned (0 -> -6)
A: horns 2, retaliatory headbutt
a: Renounce Religion


You were on level 4 of the Dungeon.
You worshipped the Shining One.
The Shining One was demanding penance.
You visited 2 branches of the dungeon, and saw 5 of its levels.

You collected 163 gold pieces.

Inventory:

Hand Weapons
 a - a +0 war axe
 e - a +2 vampiric lajatang (weapon)
Missiles
 f - 8 stones (quivered)
 j - 3 boomerangs
 p - 5 poisoned darts
Armour
 b - a +0 scale mail (worn)
 c - a +0 buckler
Jewellery
 q - a ring of magical power (left hand)
 v - a +6 ring of dexterity (right hand)
Scrolls
 g - a scroll of fog {unknown}
 k - a scroll of blinking {unknown}
 l - a scroll of teleportation
 m - a scroll of summoning {unknown}
 n - a scroll of identify {unknown}
 o - 2 scrolls of magic mapping {unknown}
 w - a scroll of amnesia {unknown}
Potions
 d - a potion of might
 h - a potion of resistance {unknown}
 i - 3 potions of curing {unknown}
 r - a potion of flight {unknown}
 s - a potion of berserk rage {unknown}
 t - a potion of invisibility {unknown}
 u - 2 potions of heal wounds {unknown}


   Skills:
 + Level 4.6 Fighting
 + Level 2.5 Axes
 + Level 4.1 Staves
 * Level 1.2 Throwing
 + Level 4.4 Armour
 + Level 0.4 Dodging
 + Level 3.9 Shields


You had 4 spell levels left.
You didn't know any spells.
Your spell library contained the following spells:

 Spells                   Type           Power      Damage    Failure   Level
 Frozen Ramparts          Ice            0%         1d1       99%         3
 Ice Form                 Ice/Tmut       0%         N/A       100%        4
 Summon Ice Beast         Ice/Summ       0%         N/A       100%        4


Dungeon Overview and Level Annotations

Branches:
Dungeon (4/15)             Temple (1/1) D:4

Altars:
Fedhas
Qazlal
Trog
Wu Jian
The Shining One


Innate Abilities, Weirdness & Mutations

You have a pair of horns on your head.
You reflexively headbutt those who attack you in melee.


Message History

You hit the scorpion.
The scorpion is lightly wounded.
The scorpion misses you. The scorpion stings you.
You are poisoned.
The scorpion poisons you!
You feel guilty. "You will pay for your transgression, mortal!"
You slash the scorpion!
The scorpion is almost dead.
You feel very sick. The scorpion stings you.
You feel guilty. "You will pay for your transgression, mortal!"
You hit the scorpion but do no damage.
The scorpion is almost dead.
You feel sick. The scorpion stings you.
You are more poisoned.
The scorpion poisons you! The scorpion stings you.
You are lethally poisoned!
The scorpion poisons you!
You feel guilty. "You will pay for your transgression, mortal!"
You hit the scorpion.
You kill the scorpion!
You feel extremely sick.
Your Staves skill increases to level 4!
Your Throwing skill increases to level 1!
You have reached level 5!
You feel very sick.
* * * LOW HITPOINT WARNING * * *
You feel very sick.
* * * LOW HITPOINT WARNING * * *
You feel very sick.
* * * LOW HITPOINT WARNING * * *
You feel very sick.
* * * LOW HITPOINT WARNING * * *
You feel sick.
* * * LOW HITPOINT WARNING * * *
You feel sick.
You die...

#.#### ##....
#...####
#...##.#
#...##.#
#...##.#
#.†.##.#
##.#...##.####
............@.#
.##.##.###.##.#
#. #.# #.# .# #
#.# ... ..
#.###.##.## ..
#.# .# ........
.. #. .......
.. ... ... ...
..


There were no monsters in sight!

Vanquished Creatures
  A scorpion (D:4)
  4 adders
  3 worms
  2 orcs (D:3)
  4 bats
  9 endoplasms
  A giant cockroach (D:1)
  12 goblins
  7 hobgoblins
  11 jackals
  3 kobolds
  5 ball pythons
  3 frilled lizards
  4 rats
69 creatures vanquished.

Notes
Turn   | Place    | Note
-------+----------+-------------------------------------------
     0 | D:1      | Kazon the Minotaur Fighter began the quest for the Orb.
     0 | D:1      | Reached XP level 1. HP: 19/19 MP: 0/0
    36 | D:1      | Identified a scroll of acquirement
    36 | D:1      | Acquired a +2 vampiric lajatang
    77 | D:1      | Reached XP level 2. HP: 20/27 MP: 1/1
   424 | D:1      | Reached skill level 1 in Staves
   424 | D:1      | Reached XP level 3. HP: 33/33 MP: 2/2
   933 | D:2      | Reached XP level 4. HP: 41/41 MP: 3/3
  1560 | D:3      | Found a blossoming altar of Fedhas.
  1685 | D:3      | Found a stormy altar of Qazlal.
  1857 | D:3      | Found a faded altar of an unknown god.
  1880 | D:3      | Identified the +2 sling "Qeuhanocyt" {speed, rElec Str-3
                  | Dex+2}
  1986 | D:4      | Found a staircase to the Ecumenical Temple.
  2000 | Temple   | Entered the Ecumenical Temple
  2009 | Temple   | Became a worshipper of the Shining One
  2041 | D:4      | Noticed a scorpion
  2043 | D:4      | Was placed under penance by the Shining One
  2047 | D:4      | Killed a scorpion
  2048 | D:4      | Reached skill level 1 in Throwing
  2048 | D:4      | Reached XP level 5. HP: 21/47 MP: 4/4
  2053 | D:4      | HP: 1/47 [poisoned by a scorpion]
  2054 | D:4      | Succumbed to a scorpion's poison

Illustrated notes

Levels and vault maps discovered:
D:1:      ebering_trefoil_3fold, layout_basic, st_stairs_14, serial_bayou_ford_a
D:2:      layout_basic, hangedman_decor_growths, minmay_close_crescents
D:3:      layout_rooms, mainiacjoe_overflow_concentric_impassable,
          mainiacjoe_overflow_paths, shapermc_ecumenical_altar_acropolis,
          chequers_serial_rivers_micro_b
D:4:      layout_basic, riverfiend_overflow_shadow_ancestor,
          minmay_temple_entry_glass, uniq_sigmund
Temple:   nicolae_temple_elliptical

Skill      XL: |  1  2  3  4 |
---------------+-------------+-----
Fighting       | 4 |  4.6
Armour         | 4 |  4.4
Staves         | 1 2 4 |  4.1
Throwing       | 1 |  1.2
Axes           | |  2.5
Dodging        | |  0.4
Shields        | |  3.9

Action                     |  1- 3 |  4- 6 || total
---------------------------+-------+-------++-------
  Melee: Lajatang          |    75 |    49 ||   124
         War axe           |     9 |       ||     9
         Headbutt          |    13 |     7 ||    20
  Throw: Stone             |       |     8 ||     8
    Use: Scroll            |     2 |     1 ||     3
         Potion            |     1 |       ||     1
 Armour: Scale mail        |    50 |    25 ||    75
  Dodge: Dodged            |    34 |    22 ||    56
  Block: Buckler           |     1 |       ||     1
